1849 views
Uploaded 2022-12-17 15:43:38
Game version 1.32.10
17:05 long 1on1 ladder game on (2)EchoIsles
Saved by DKnight
1849 views
Uploaded 2022-12-17 15:43:38
Game version 1.32.10
17:05 long 1on1 ladder game on (2)EchoIsles

31 units @ 3.6k
/ 0.7k
12 buildings @ 2.1k
/ 1k



| Staff of Preservation | 2 | 300 |
| Orb of Venom | 2 | 650 |
| Dust of Appearance | 2 | 150 |
| Scroll of Healing | 2 | 500 |
| Boots of Speed | 1 | 250 |
| Circlet of Nobility | 1 | 175 |
| Staff of Teleportation | 1 | 150 |
| Potion of Lesser Invulnerability | 3 | 450 |
| total: | 14 | 2625g |
| Wisp | 19 | 1140 | / | 0 |
| Archer | 1 | 130 | / | 10 |
| Druid of the Claw | 6 | 1530 | / | 480 |
| Dryad | 3 | 435 | / | 180 |
| Hippogryph | 2 | 320 | / | 40 |
| total: | 31 | 3555g | / | 710w |
| Altar of Elders | 1 | 180 | / | 50 |
| Moon Well | 4 | 720 | / | 160 |
| Ancient of War | 1 | 150 | / | 60 |
| Ancient of Wonders | 1 | 90 | / | 30 |
| Hunter's Hall | 1 | 210 | / | 100 |
| Tree of Life | 1 | 340 | / | 185 |
| Ancient of Lore | 2 | 310 | / | 290 |
| Ancient of Wind | 1 | 150 | / | 140 |
| Tree of Ages | 2 | 640 | / | 360 |
| Tree of Eternity | 2 | 660 | / | 400 |
| total: | 12 | 2150g | / | 1015w |
| 0:01 | Wisp |
| 0:05 | Altar of Elders |
| 0:06 | Wisp |
| 0:17 | Moon Well |
| 0:22 | Ancient of War |
| 0:30 | Wisp |
| 0:38 | Wisp |
| 0:45 | Wisp |
| 0:46 | Wisp |
| 0:53 | Wisp |
| 1:00 | Wisp |
| 1:16 | Wisp |
| 1:23 | Archer |
| 1:37 | Moon Well |
| 1:41 | Wisp |
| 2:03 | Wisp |
| 2:04 | Wisp |
| 2:19 | Mana Burn |
| 2:42 | Tree of Ages |
| 4:08 | Boots of Speed |
| 4:08 | Circlet of Nobility |
| 4:08 | Staff of Teleportation |
| 4:23 | Ancient of Wonders |
| 4:24 | Hunter's Hall |
| 4:44 | Evasion |
| 5:10 | Wisp |
| 5:14 | Moon Well |
| 5:24 | Tree of Eternity |
| 5:35 | Breath of Fire |
| 5:39 | Ultravision |
| 6:10 | Ancient of Lore |
| 6:11 | Ancient of Lore |
| 6:27 | Strength of the Wild |
| 7:30 | Druid of the Claw Adept Training |
| 7:31 | Druid of the Claw |
| 7:47 | Druid of the Claw |
| 8:10 | Druid of the Claw Master Training |
| 8:12 | Backpack |
| 8:16 | Cleaving Attack |
| 8:20 | Dryad |
| 8:22 | Moon Well |
| 9:19 | Druid of the Claw |
| 9:20 | Dryad |
| 9:45 | Drunken Haze |
| 9:55 | Staff of Preservation |
| 9:56 | Dust of Appearance |
| 10:11 | Orb of Venom |
| 10:43 | Mana Burn |
| 10:52 | Potion of Lesser Invulnerability |
| 10:57 | Tree of Life |
| 11:29 | Druid of the Claw |
| 11:31 | Improved Strength of the Wild |
| 11:46 | Abolish Magic |
| 11:59 | Howl of Terror |
| 12:39 | Ancient of Wind |
| 12:40 | Wisp |
| 13:00 | Breath of Fire |
| 13:04 | Wisp |
| 13:04 | Wisp |
| 13:04 | Wisp |
| 13:04 | Wisp |
| 13:05 | Wisp |
| 13:14 | Advanced Strength of the Wild |
| 13:22 | Dust of Appearance |
| 13:23 | Scroll of Healing |
| 13:24 | Potion of Lesser Invulnerability |
| 14:39 | Howl of Terror |
| 15:10 | Evasion |
| 15:14 | Druid of the Claw |
| 15:14 | Dryad |
| 15:15 | Hippogryph |
| 15:15 | Hippogryph |
| 15:21 | Staff of Preservation |
| 15:21 | Orb of Venom |
| 15:35 | Nature's Blessing |
| 15:54 | Druid of the Claw |
| 16:00 | Potion of Lesser Invulnerability |
| 16:03 | Scroll of Healing |
| Select group | 1032 |
| Right click | 764 |
| Select | 383 |
| Misc. action | 348 |
| Build/train/purchase | 104 |
| Assign group | 96 |
| Use ability | 81 |
| Chat | 21 |
| Item give/drop | 9 |
| Esc | 2 |
25 units @ 4.5k
/ 0.7k
10 buildings @ 1.6k
/ 0.5k


| Rod of Necromancy | 3 | 450 |
| Potion of Mana | 3 | 600 |
| Orb of Corruption | 1 | 375 |
| Claws of Attack +6 | 1 | 125 |
| total: | 8 | 1550g |
| Acolyte | 4 | 300 | / | 0 |
| Ghoul | 3 | 360 | / | 0 |
| Crypt Fiend | 12 | 2580 | / | 480 |
| Obsidian Statue | 5 | 1000 | / | 175 |
| Abomination | 1 | 240 | / | 70 |
| total: | 25 | 4480g | / | 725w |
| Crypt | 1 | 200 | / | 50 |
| Altar of Darkness | 1 | 180 | / | 50 |
| Ziggurat | 5 | 750 | / | 250 |
| Tomb of Relics | 1 | 130 | / | 30 |
| Graveyard | 1 | 215 | / | 0 |
| Slaughterhouse | 1 | 140 | / | 135 |
| Halls of the Dead | 1 | 320 | / | 210 |
| Black Citadel | 1 | 325 | / | 230 |
| total: | 10 | 1615g | / | 515w |
| 0:03 | Acolyte |
| 0:04 | Acolyte |
| 0:07 | Crypt |
| 0:09 | Altar of Darkness |
| 0:33 | Ziggurat |
| 0:50 | Acolyte |
| 1:06 | Tomb of Relics |
| 1:13 | Ghoul |
| 1:31 | Ghoul |
| 1:35 | Ziggurat |
| 1:57 | Graveyard |
| 2:18 | Ghoul |
| 2:22 | Death Coil |
| 2:40 | Rod of Necromancy |
| 2:56 | Halls of the Dead |
| 3:19 | Crypt Fiend |
| 4:06 | Crypt Fiend |
| 4:09 | Ziggurat |
| 5:04 | Crypt Fiend |
| 5:18 | Unholy Aura |
| 5:22 | Rod of Necromancy |
| 5:23 | Potion of Mana |
| 5:35 | Acolyte |
| 5:54 | Slaughterhouse |
| 6:09 | Burrow |
| 6:21 | Potion of Mana |
| 6:23 | Frost Nova |
| 7:10 | Crypt Fiend |
| 7:19 | Obsidian Statue |
| 7:54 | Black Citadel |
| 8:08 | Obsidian Statue |
| 9:31 | Obsidian Statue |
| 9:43 | Crypt Fiend |
| 9:52 | Ziggurat |
| 9:56 | Ziggurat |
| 9:57 | Creature Attack |
| 10:20 | Orb of Corruption |
| 10:38 | Creature Carapace |
| 10:54 | Destroyer Form |
| 11:29 | Obsidian Statue |
| 11:29 | Crypt Fiend |
| 11:42 | Crypt Fiend |
| 12:05 | Crypt Fiend |
| 12:08 | Abomination |
| 12:32 | Death Coil |
| 12:41 | Claws of Attack +6 |
| 12:44 | Crypt Fiend |
| 13:17 | Dark Ritual |
| 14:50 | Crypt Fiend |
| 15:13 | Crypt Fiend |
| 15:31 | Obsidian Statue |
| 15:42 | Rod of Necromancy |
| 15:44 | Potion of Mana |
| 15:50 | Crypt Fiend |
| 15:55 | Improved Creature Attack |
| Right click | 1102 |
| Select group | 801 |
| Select | 355 |
| Build/train/purchase | 75 |
| Assign group | 53 |
| Misc. action | 39 |
| Use ability | 36 |
| Chat | 35 |
| Item give/drop | 3 |
| Remove unit | 1 |